[Event "French-ch U16-U18 2024"]
[Site "Agen"]
[Date "2024.04.19"]
[Round "7.6"]
[White "Breuil, Tristan"]
[Black "Vallee, Louis"]
[Result "1-0"]
[ECO "B36"]
[WhiteElo "2281"]
[BlackElo "2270"]
[Annotator "TA"]
[PlyCount "111"]
[EventDate "2024.04.14"]
[EventType "swiss"]
[EventCountry "FRA"]
[SourceTitle "playchess.com"]
[Source "ChessBase"]
[SourceQuality "1"]
[TimeControl "5400+30"]

1. e4 c5 2. Nf3 Nc6 3. d4 cxd4 4. Nxd4 g6 5. c4 Nf6 6. Nc3 Nxd4 7. Qxd4 d6 8. f3 Bg7 9. Be3 O-O 10. Qd2 a5 11. Na4 Be6 12. Nb6 {[%emt 0:00:52] Inhibits Nd7.} Rb8 {[%emt 0:00:11] White is slightly better.} 13. Qxa5 Nd7 14. Qb4 {[%emt 0:01:37] White is more active.} f5 15. Bd3 Nc5 16. O-O-O Nxd3+ 17. Rxd3 fxe4 18. fxe4 Qc7 19. Bd4 Bxd4 20. Rxd4 Rf2 21. Rd2 Rxd2 22. Kxd2 Rf8 {[%emt 0:05:12] Repels Rf1} 23. Re1 d5 $2 24. Nxd5 Bxd5 (24... Qxh2 $142 25. Nxe7+ (25. Qxe7 Qe5 $18) 25... Kg7) 25. exd5 $18 {[%emt 0:00:51][%mdl 4096] Endgame. KQR-KQR} (25. cxd5 $6 Rc8 $14) 25... Qf4+ (25... Rf2+ {was necessary.} 26. Kd3 Kf7) 26. Kc2 b5 27. Kb1 {[%emt 0:12:15] a4 is the strong threat.} (27. Qxb5 Qf2+ 28. Kd1 Qd4+ 29. Kc1 Qf4+ 30. Kb1 Qd2 $11) 27... bxc4 28. Qxe7 ({Weaker is} 28. Rxe7 Qf5+ 29. Ka1 Qxd5 $11) 28... Qf5+ 29. Kc1 {[%emt 0:02:49] And now Qe6+ would win.} ({Not} 29. Qe4 $2 Re8 30. Qxf5 Rxe1+ 31. Kc2 gxf5 $19) 29... Qxd5 {[%emt 0:05:01] [#]} 30. Qe6+ (30. Qe4 $1 $18 Qb5 31. Rd1) 30... Qxe6 $16 31. Rxe6 {[%emt 0:00:01] KR-KR} Rf2 32. Rd6 {[%emt 0:07:08] Prevents c3. Strongly threatening Rd2.} Rxg2 33. Rd2 $1 Rg1+ 34. Kc2 {[%emt 0:00:12] [#] Black must now prevent Kc3.} g5 $2 {[%emt 0:00:34][%mdl 8192] White now steadily converts the win.} (34... Kf7 $14) 35. Kc3 $18 h5 (35... Rc1+ $142 36. Rc2 Ra1) 36. Kxc4 h4 37. b4 g4 38. a4 {[%emt 0:03:53][%cal Ba2a4,Ba4a5][%mdl 32] Hoping for a5.} h3 39. a5 {[%emt 0:02:02] Threatens to win with a6.} g3 40. hxg3 Rg2 41. Rd4 Rxg3 42. a6 {[%emt 0:04:03] White mates.} Ra3 43. Rh4 Rxa6 44. Rxh3 Kf7 45. Re3 Rc6+ 46. Kd5 Rb6 47. Kc5 Rb8 48. b5 Rc8+ 49. Kb6 Rb8+ 50. Kc6 Rc8+ 51. Kb7 Rc1 52. b6 Rb1 53. Kc7 Rc1+ 54. Kb8 Rb1 55. b7 Rc1 56. Ra3 {[%emt 0:01:18] Weighted Error Value: White=0.13 (very precise) /Black=0.40.  Loses game:     	---       	Black=2      Mistake:       	White=1     	Black=3      Inaccurate:     	White=1     	Black=2      OK:         	White=6     	Black=12     Best:        	White=5     	Black=2      Strong:       	White=1     	---} 1-0

[Event "French-ch U16-U18 2024"]
[Site "Agen"]
[Date "2024.04.19"]
[Round "7.7"]
[White "Kuhn, Clement"]
[Black "Dessyn, Timothee"]
[Result "1/2-1/2"]
[ECO "D27"]
[WhiteElo "2349"]
[BlackElo "2110"]
[Annotator "TA"]
[PlyCount "136"]
[EventDate "2024.04.14"]
[EventType "swiss"]
[EventCountry "FRA"]
[SourceTitle "playchess.com"]
[Source "ChessBase"]
[SourceQuality "1"]
[TimeControl "5400+30"]

1. d4 d5 2. c4 dxc4 3. e3 Nf6 4. Bxc4 e6 5. Nf3 a6 6. O-O c5 7. dxc5 {[%emt 0:05:13] 7.b3 deserves study.} Bxc5 8. Qxd8+ Kxd8 9. Ne5 {[%emt 0:04:50] D27: Queen's Gambit Accepted: Classical main line: 7 e4!? and 7 a4.} Ke7 10. Be2 Nbd7 11. Nc4 Re8 $146 ({Predecessor:} 11... b6 12. Nc3 a5 13. Na4 Ba6 14. Nxc5 bxc5 15. b3 a4 16. Ba3 Rhb8 17. Rfc1 axb3 18. axb3 Rxb3 19. Nd2 Rbb8 20. Bf3 Nd5 21. Bxc5+ Nxc5 22. Rxc5 Bd3 23. Rxa8 {½-½ Radjabov,T (2747)-Vallejo Pons,F (2710) Krasnogorsk Rapid 2023 (2)}) 12. Nbd2 Kf8 13. Nb3 Be7 14. Rd1 Nc5 15. Nxc5 Bxc5 16. Bd2 Bd7 17. Bf3 Rab8 18. Rac1 Ba4 19. b3 Bb5 20. a4 Bxc4 21. Rxc4 Be7 22. Be1 b5 23. axb5 axb5 24. Rc7 Rec8 25. Ra7 Rc2 26. g4 h6 27. Kg2 e5 28. Kf1 e4 29. Bg2 b4 30. Rd4 Rb2 31. Rc4 (31. Bxe4 $2 Bc5 (31... Rxb3 32. Rb7 $15) 32. Bxb4 Bxb4 $19) 31... Bd6 (31... Nxg4 32. Rxe4 (32. Bxe4 Nxh2+ 33. Kg1 Ng4 $16) 32... Bc5 (32... Nxh2+ $2 33. Kg1 $18) 33. Ra5 $16) 32. Bxe4 Nxe4 33. Rxe4 Rxb3 34. Rd7 $1 Bc5 $1 (34... Bxh2 35. Kg2 $16) 35. Rc4 Be7 36. Rcc7 Bf6 37. Rxf7+ (37. Rb7 $11 {was preferrable.} Rxb7 38. Rxb7) 37... Kg8 $15 38. Rb7 Rxb7 39. Rxb7 Rb1 $1 40. Ke2 b3 41. Rb8+ Kh7 42. f4 (42. h4 $142) 42... b2 $17 43. e4 Bd4 ({Black should try} 43... Rc1 $17 44. e5 Bxe5 (44... b1=B $2 45. exf6 gxf6 46. Kd2 $18) (44... b1=Q 45. Rxb1 Rxb1 46. exf6 $17) 45. fxe5 b1=Q (45... b1=B $2 46. Kd2 $18) 46. Rxb1 Rxb1) 44. Bd2 $1 $11 (44. Bf2 $2 Bxf2 45. Kd3 (45. Kxf2 $2 Rh1 $19) 45... Be3 $19) 44... Rh1 (44... Ra1 $5 45. Kd3 $8 b1=R 46. Rxb1 Rxb1 47. Kxd4 Rh1 $19) 45. Be1 $2 {[%emt 0:00:25][%mdl 8192] [#]} (45. Kd3 $11) 45... g5 $1 $19 (45... Rxh2+ $2 46. Kd3 Ba7 47. Rb7 $17) 46. Rb7+ Kg6 47. f5+ $2 (47. Kd3 {was the crucial defense.} Bg7 (47... Rxe1 48. Kxd4 gxf4 49. Rxb2 $11) 48. f5+ Kh7 49. e5 Rxe1 50. Rxb2 Rxe5 (50... Bxe5 $2 51. Rb7+ Kg8 52. Re7 $19) 51. Rb3) 47... Kf6 $19 48. Rb5 Be5 49. Rb6+ (49. Rb7 {only move.} Rxh2+ (49... Bxh2 $2 {loses.} 50. Rxb2 Be5 51. Rb6+ Kf7 52. Rb5 $18) 50. Kd3) 49... Ke7 50. Bb4+ (50. Rb5 $142 Kd7 (50... Bxh2 $2 {perishes.} 51. Rxb2 Be5 52. Rb5 $18) (50... Rxh2+ $2 51. Kd3 $19) 51. Rd5+ Kc6 52. Rd1) 50... Kd7 $19 51. Be1 Rxh2+ 52. Kd3 Rh1 53. Ke2 {[%emt 0:00:29] [#]} Bc3 $2 (53... Bd4 $1 $19 54. Rb8 (54. Rb3 Rh3) 54... Kc6) 54. Bxc3 $11 b1=Q 55. Rxb1 Rxb1 56. e5 Rg1 57. Kf3 Rf1+ 58. Kg3 Rf4 59. e6+ Ke7 60. Bg7 h5 61. gxh5 Rxf5 62. h6 Ra5 63. h7 Ra8 $1 64. Kg4 Kxe6 65. Kxg5 Kf7 66. Bc3 Rc8 (66... Ra5+ $5 67. Kg4 (67. Bxa5 Kg7 $11) 67... Ra4+ 68. Kh5 Ra2 $11) 67. Be5 Re8 68. Bf6 Ra8 1/2-1/2

[Event "French-ch U16-U18 2024"]
[Site "Agen"]
[Date "2024.04.19"]
[Round "7.8"]
[White "Gibaud, Elian"]
[Black "Trevisiol, Antoine"]
[Result "1-0"]
[ECO "B12"]
[WhiteElo "1985"]
[BlackElo "2235"]
[Annotator "TA"]
[PlyCount "123"]
[EventDate "2024.04.14"]
[EventType "swiss"]
[EventCountry "FRA"]
[SourceTitle "playchess.com"]
[Source "ChessBase"]
[SourceQuality "1"]
[TimeControl "5400+30"]

1. e4 c6 2. d4 d5 3. e5 Bf5 4. h4 h5 5. Bd3 Bxd3 6. Qxd3 e6 7. Nf3 Qa5+ 8. Nbd2 Qa6 9. c4 Nh6 {[%emt 0:00:56] The position is equal.} 10. O-O Be7 11. b3 Nf5 12. a4 b6 13. Ba3 c5 14. Qb1 {[%emt 0:05:07] cxd5 is the strong threat.} Qb7 15. dxc5 bxc5 16. cxd5 Qxd5 17. Qe4 O-O 18. Rac1 $1 Na6 19. Qc4 Qb7 20. Ne4 Rfd8 21. Nxc5 Nxc5 22. Bxc5 Bxc5 (22... Rac8 $5 23. b4 $8 a5 $11) 23. Qxc5 Qxb3 24. Qb5 (24. Qc6 $11) 24... Qxb5 $1 $15 25. axb5 Rd5 26. Rb1 Rb8 27. Ra1 {[%emt 0:00:34] [#]} Rb7 $1 (27... Rbxb5 28. Rxa7 Nh6 29. Ng5 $11) 28. Rfb1 Nd4 (28... Rdxb5 $6 29. Rxb5 Rxb5 30. Rxa7 $11) (28... Kh7 $17) 29. Nxd4 $11 Rxd4 {[%emt 0:00:12][%mdl 4096] Endgame. KRR-KRR} 30. g3 Rd5 31. Ra6 (31. f4 $11 {remains equal.}) 31... Rxe5 $17 32. b6 axb6 33. Raxb6 Rc7 34. R6b5 Rd5 (34... Rec5 $17) 35. Rxd5 $11 exd5 {[%emt 0:00:09] KR-KR} 36. Rb8+ Kh7 37. Rd8 Rc5 38. Kg2 Kg6 39. Rh8 $1 Kf5 40. Rxh5+ Ke4 41. Rh7 d4 {[%emt 0:00:29][%cal Bd5d4,Bd4d3][%mdl 32] [#] aiming for ...d3.} 42. Rxg7 f6 (42... d3 $5 43. Rg4+ $8 (43. Rxf7 $2 d2 $19) 43... Ke5 $11) 43. Rd7 Kd3 $2 {[%emt 0:01:08] White stays focused until the end.} (43... Rh5 $11) 44. g4 $18 Ke4 45. h5 {[%emt 0:00:15] And now h6 would win.} d3 46. h6 Rc8 $2 (46... Kf4 47. h7 (47. Rxd3 Rc8 $18) 47... Rc8 48. Rxd3 Rh8) 47. h7 $2 (47. Kg3 Rc1 48. h7) 47... Rh8 $2 (47... Kf4 48. f3 (48. Rxd3 Rh8 $18) 48... f5 49. gxf5 (49. Rxd3 Rh8 $14) 49... Rh8) 48. Kg3 d2 49. Rxd2 Rxh7 50. Re2+ (50. f3+ $142 Ke3 51. Rd6 Rc7 52. Rxf6 Rb7 53. f4 Ke2 54. Re6+ Kd3 55. f5) 50... Kd5 51. Kf4 {[%emt 0:00:28] Intending f3 and mate.} Rh3 52. Re3 {[%emt 0:00:39] White mates.} Rh2 53. f3 Rh3 54. Kf5 Kd4 55. Ra3 Rh6 56. Ra6 Ke3 57. f4 Kf3 58. g5 Rh5 59. Ra3+ Kg2 60. Kxf6 Rh8 61. g6 Rf8+ 62. Kg5 {[%emt 0:00:08] Weighted Error Value: White=0.21 (precise) /Black=0.41.  Loses game:     	---       	Black=1      Mistake:       	White=3     	Black=4      Inaccurate:     	White=1     	Black=1      OK:         	White=14    	Black=11     Best:        	White=5     	Black=3      Strong:       	White=2     	Black=2} 1-0

[Event "French-ch U16-U18 2024"]
[Site "Agen"]
[Date "2024.04.19"]
[Round "7.9"]
[White "Reymann, Nathan"]
[Black "Boumrar, Ayrad"]
[Result "0-1"]
[ECO "B40"]
[WhiteElo "1938"]
[BlackElo "2191"]
[Annotator "TA"]
[PlyCount "98"]
[EventDate "2024.04.14"]
[EventType "swiss"]
[EventCountry "FRA"]
[SourceTitle "playchess.com"]
[Source "ChessBase"]
[SourceQuality "1"]
[TimeControl "5400+30"]

1. e4 c5 2. Nf3 e6 3. d4 cxd4 4. Qxd4 Nc6 5. Qe3 Nf6 6. Nc3 Bb4 7. Bd2 d5 ({Black should play} 7... O-O $11) 8. exd5 $14 {[%emt 0:01:13] White is slightly better.} Nxd5 9. Nxd5 Bxd2+ 10. Qxd2 exd5 11. Bd3 Qe7+ 12. Qe2 Be6 13. O-O O-O 14. c3 Rfe8 15. Rfe1 Qf6 16. Rad1 g6 17. Bb5 Kg7 18. Rd3 d4 19. Bxc6 (19. Nxd4 Bc4 20. Bxc4 Rxe2 21. Nxe2 Ne5 $17) 19... bxc6 20. Rxd4 (20. cxd4 $2 {loses.} Bc4 (20... Bxa2 21. Re3 $11) 21. Qd2 Rxe1+ 22. Nxe1 Bxd3 23. Qxd3 Re8 $19) 20... Bxa2 21. Qxe8 Rxe8 22. Rxe8 Bd5 23. Re3 Qf5 24. Rd1 {[%emt 0:01:17] Dodges Qb1} Bxf3 25. Rxf3 $11 {[%emt 0:00:10][%mdl 4096] Endgame. KQ-KRR} Qc2 26. Re1 Qxb2 27. h3 a5 28. c4 a4 29. Rd3 {[%emt 0:01:10][%mdl 8192] [#] White does not recover from this.} (29. Rfe3 $11 {and White is okay.}) 29... a3 $19 30. Rdd1 a2 {[%emt 0:00:05] Against Rb1} 31. c5 Kf6 32. Rd6+ Kf5 ({Much less strong is} 32... Kg7 33. Rdd1 $19) 33. Rdd1 h5 34. Rc1 g5 35. Rcd1 g4 36. hxg4+ $2 (36. h4) 36... hxg4 37. g3 Kg5 38. Rc1 f5 39. Kg2 (39. Ra1 $142) 39... f4 {[%emt 0:01:07] [#] Hoping for ...fxg3.} 40. gxf4+ Kxf4 41. Rc4+ Kg5 {[%emt 0:00:06][%cal Og4g3] ( -> ...g3!)} 42. Rcc1 Qb3 {[%emt 0:04:04] ...Qf3+ is the strong threat.} 43. Re3 Qd5+ 44. Kg1 Qd4 {[%emt 0:00:31] Black mates.} 45. Ree1 g3 46. Rf1 Kg4 47. Kg2 gxf2 48. Ra1 Qc3 (48... Qxc5 49. Rxf2 Qd5+ 50. Kg1 $11) 49. Kxf2 Qd2+ {[%emt 0:00:08] Weighted Error Value: White=0.55/Black=0.07 (flawless) .  Loses game:     	White=1     	---        Mistake:       	White=2     	Black=1      Inaccurate:     	White=1     	---        OK:         	White=11    	Black=13     Best:        	White=1     	Black=2} 0-1

[Event "French-ch U16-U18 2024"]
[Site "Agen"]
[Date "2024.04.19"]
[Round "7.10"]
[White "Zienkiewicz, Jan"]
[Black "Le Roy, Tristan"]
[Result "1/2-1/2"]
[ECO "C54"]
[WhiteElo "2240"]
[BlackElo "1970"]
[Annotator "TA"]
[PlyCount "107"]
[EventDate "2024.04.14"]
[EventType "swiss"]
[EventCountry "FRA"]
[SourceTitle "playchess.com"]
[Source "ChessBase"]
[SourceQuality "1"]
[TimeControl "5400+30"]

1. e4 e5 2. Nf3 Nc6 3. Bc4 Bc5 4. c3 Nf6 5. d3 a5 6. O-O {[%emt 0:00:22] With the idea d4.} d6 7. Re1 h6 8. Nbd2 {[%emt 0:02:23][%cal Bb1d2,Bd2f1,Bf1g3][%mdl 32] The position is equal.} O-O 9. Nf1 Re8 10. Bb5 Bd7 11. Ng3 Bb6 12. h3 Ne7 13. Bxd7 Qxd7 14. Nh4 d5 15. Qf3 dxe4 16. dxe4 Qe6 17. Ngf5 (17. Nhf5 {is more complex.} Kh7 18. Nh5 Nxh5 19. Qxh5 Qg6 20. Qxg6+ Kxg6 21. Ne3) 17... Nxf5 18. Nxf5 Nh7 19. Be3 Bxe3 20. Rxe3 Rad8 21. Qe2 Kh8 22. Rg3 Rg8 23. Kh2 Nf8 24. Qe3 (24. b4 $11) 24... b6 25. c4 Kh7 (25... Qxc4 $2 26. Rxg7 Qe6 (26... Rxg7 27. Qxh6+ Rh7 28. Qf6+ Kg8 29. Ne7#) 27. Rxg8+ (27. Qxh6+ Qxh6 28. Rxg8+ Kxg8 $16) 27... Kxg8 28. Nxh6+ Kh7 29. Ng4 $18) 26. Rf3 Ng6 (26... Qxc4 $6 27. Rc1 Qxa2 28. Rxc7 $14) 27. g3 {[%emt 0:00:39] Against Nf4} (27. c5 $11 {keeps the balance.}) 27... Ne7 (27... Qxc4 $17 28. Rc1 Qxa2 29. Rxc7 Rd1) 28. Rc1 c5 29. Re1 Nc6 30. b3 Nd4 31. Nxd4 Rxd4 32. g4 Rgd8 33. Rg1 Rd1 (33... R8d6 $17 34. g5 h5) 34. Rxd1 $15 Rxd1 {[%emt 0:00:02][%mdl 4096] Endgame. KQR-KQR} 35. Rf5 (35. Qe2 $15 {might be stronger.} Qd7 36. Qe3) 35... g6 (35... f6 $17 36. Qe2 Rd4) 36. Rf3 (36. Qf3 $15 gxf5 37. Qxd1 fxe4 38. Qe1) 36... Kg7 $1 $17 37. g5 hxg5 38. Qxg5 Rd4 $1 39. Re3 Qf6 (39... a4 $17 {And now ...Rd2 would win.} 40. h4 Qf6 41. Qxf6+ Kxf6) 40. Qg3 (40. Qxf6+ $15 Kxf6 41. a4) 40... Qf4 41. Kg2 Qxg3+ (41... Rxe4 $6 42. Qxf4 Rxf4 43. Rxe5 $11) ({Better is} 41... a4 $1 $17 {[%cal Ra4a3] ...a3 would now be deadly.} 42. bxa4 Qxg3+ (42... Rxe4 43. Rxe4 Qxe4+ 44. Kg1 $15) (42... Rxc4 43. Qxf4 exf4 44. Rb3 $15) 43. Rxg3 Rxe4 (43... Rxc4 44. Rb3 $17)) 42. Kxg3 {[%emt 0:00:07] KR-KR} Rd2 (42... a4 $5 43. a3 Kh6 $15) 43. a4 Kf6 44. h4 Ke6 45. Kf3 (45. Kg2 $15) 45... Rd1 (45... f5 $1 $17 {...fxe4+ is the strong threat.} 46. exf5+ gxf5 (46... Kxf5 47. Kg3 $11)) 46. Kg4 {[%emt 0:00:30] [#]} (46. Kg2 $15) 46... f6 ({Black should try} 46... f5+ $1 $19 47. Kg5 Rg1+ 48. Kh6 (48. Rg3 Rxg3+ 49. fxg3 fxe4 $19) 48... Rg2) 47. Rg3 Rd4 48. Re3 Kf7 {[%emt 0:00:32] Threatens to win with ...f5+.} 49. f3 (49. Kg3 $15) 49... Rd1 50. Kg3 Ke6 51. Kg4 $2 {[%emt 0:00:39] [#]} (51. Kf2 $15) 51... Kf7 $2 (51... f5+ $1 $19 {and Black stays clearly on top.} 52. Kg5 Rg1+ 53. Kh6 Rg3) 52. Kg3 $1 Ke6 ({Black should play} 52... Kg7 $17) 53. Kf2 Rh1 54. Kg3 {[%emt 0:00:33] Whites escaped into a draw.   Weighted Error Value: White=0.32/Black=0.26 (precise) .  Loses game:     	White=1     	---        Missed win:     	---       	Black=1      Mistake:       	White=8     	Black=8      Inaccurate:     	White=4     	Black=5      OK:         	White=11    	Black=13     Best:        	White=2     	Black=1      Strong:       	White=1     	Black=2} 1/2-1/2

[Event "French-ch U16-U18 2024"]
[Site "Agen"]
[Date "2024.04.19"]
[Round "7.11"]
[White "Deladerriere, Calypso"]
[Black "Hamm, Gabrielle"]
[Result "1-0"]
[ECO "B92"]
[WhiteElo "1935"]
[BlackElo "1797"]
[Annotator "TA"]
[PlyCount "47"]
[EventDate "2024.04.14"]
[EventType "swiss"]
[EventCountry "FRA"]
[SourceTitle "playchess.com"]
[Source "ChessBase"]
[SourceQuality "1"]
[TimeControl "5400+30"]

1. e4 c5 2. Nf3 d6 3. d4 cxd4 4. Nxd4 Nf6 5. Nc3 a6 6. Be2 e5 7. Nb3 Be7 8. O-O O-O 9. Kh1 Nc6 10. f4 exf4 11. Bxf4 Ne5 12. Qe1 Be6 13. Rd1 Qc7 14. Qg3 Rfd8 15. Nd4 Ng6 16. Bg5 {[%emt 0:04:18] White is slightly better.} Rac8 (16... Kh8 $1 $14) 17. Bf3 (17. Nf5 $16) 17... Bc4 $14 18. Rfe1 h6 19. Bc1 Nd7 20. Nf5 {[%emt 0:03:26] Prevents Bh4. Strongly threatening Nxe7+.} Nde5 (20... Bf6 $11) 21. Be2 {[%emt 0:04:15] [#] Bxc4 would now be deadly. White has more active pieces.} b5 (21... Be6 $1 $14) 22. Bxc4 $18 Nxc4 (22... Qxc4 23. Bxh6 Bf8) 23. Nd5 Qa7 24. Ndxe7+ {[%emt 0:00:22] Weighted Error Value: White=0.11 (very precise) /Black=0.70.  Loses game:     	---       	Black=1      Mistake:       	White=1     	Black=3      Inaccurate:     	White=1     	Black=1      OK:         	White=4     	Black=2      Best:        	White=1     	---} 1-0

[Event "French-ch U16-U18 2024"]
[Site "Agen"]
[Date "2024.04.19"]
[Round "7.12"]
[White "Berezovsky, Fiorina"]
[Black "Diez, Agathe"]
[Result "1-0"]
[ECO "D00"]
[WhiteElo "1848"]
[BlackElo "1954"]
[Annotator "TA"]
[PlyCount "75"]
[EventDate "2024.04.14"]
[EventType "swiss"]
[EventCountry "FRA"]
[SourceTitle "playchess.com"]
[Source "ChessBase"]
[SourceQuality "1"]
[TimeControl "5400+30"]

1. d4 d5 2. Nc3 Nf6 3. Bf4 a6 4. e3 e6 5. Nf3 Bd6 6. Ne5 c5 7. dxc5 Bxc5 8. Be2 {[%emt 0:04:18] The position is equal.} Nbd7 9. Nd3 Ba7 10. O-O Qe7 11. Ne5 Nxe5 12. Bxe5 b5 13. a4 b4 14. Na2 Bb7 15. c3 bxc3 16. bxc3 O-O 17. Rb1 Ne4 18. Bd3 {[%emt 0:04:49] [#] Threatens to win with Bxe4.} f6 (18... Nc5 $1 $15) 19. Bg3 (19. Bd4 $11) 19... Nc5 $15 20. Bc2 a5 21. Re1 Rfd8 (21... e5 $17) 22. Nc1 Ba6 23. Nd3 (23. Ne2 $15) 23... Ne4 $17 24. Nf4 g5 25. Nh5 Nxc3 26. Qf3 Rf8 27. Rb2 Rac8 28. h4 Rc4 {[%emt 0:06:53][%csl LRa4,LRh4] ...g4 is the strong threat.} 29. e4 dxe4 (29... Nxa4 30. exd5 (30. Bxa4 Rxa4 31. exd5 Bd4 $16) 30... g4 (30... Nxb2 $2 31. Rxe6 Bxf2+ 32. Bxf2 $18) 31. d6 $16 (31. Rxe6 $2 Qxe6 32. Qd3 Rxc2 $19)) 30. Bxe4 Nxe4 (30... Nxa4 $2 {too greedy.} 31. Bd5 Nc5 (31... Nxb2 $2 {loses.} 32. Rxe6 $18) 32. Bxc4 Bxc4 33. Rc2 $18) 31. Rxe4 {[%emt 0:00:05] [#]} Rxe4 ({Black should play} 31... Rc1+ $1 $19 32. Kh2 f5 (32... Bb7 33. Rxe6 Bxf3 34. Rxe7 $16)) 32. Qxe4 $11 Qf7 33. Qg4 {[%emt 0:05:32][%cal Ob2c2] And now Rc2! would win.} h6 {[%emt 0:01:40] Strongly threatening ...f5.} 34. Rc2 $2 (34. hxg5 $11 {and White stays safe.} fxg5 35. Rd2) 34... Bd3 $4 {[%emt 0:00:30][%mdl 8192] A strong pair of Bishops.} (34... f5 $19 {and all is fine.} 35. Qd1 f4) 35. Rc7 $18 {[%emt 0:00:19] White is clearly winning.} Qe8 36. Rxa7 Bg6 37. Ng7 Qc6 38. Qxe6+ {[%emt 0:00:35] Weighted Error Value: White=0.43/Black=0.33.  Loses game:     	White=1     	---        Missed win:     	---       	Black=2      Mistake:       	White=2     	Black=2      Inaccurate:     	White=5     	Black=1      OK:         	White=7     	Black=12     Best:        	White=2     	Black=4} 1-0

[Event "French-ch U16-U18 2024"]
[Site "Agen"]
[Date "2024.04.19"]
[Round "7.13"]
[White "Grimault, Leane"]
[Black "Yaghi, leen"]
[Result "1-0"]
[ECO "A13"]
[WhiteElo "1930"]
[BlackElo "1941"]
[Annotator "TA RC"]
[PlyCount "105"]
[EventDate "2024.04.14"]
[EventType "swiss"]
[EventCountry "FRA"]
[SourceTitle "playchess.com"]
[Source "ChessBase"]
[SourceQuality "1"]
[TimeControl "5400+30"]

1. Nf3 Nf6 2. e3 d5 3. c4 e6 4. b3 c5 5. cxd5 exd5 6. d4 Nc6 7. Bb2 Be7 8. Be2 O-O 9. dxc5 Bxc5 {[%emt 0:02:01] The position is equal.} 10. O-O Qe7 11. Nc3 Rd8 12. Na4 Bd6 13. Rc1 Bg4 14. h3 Bh5 15. Nc3 Rac8 16. Nb5 (16. Nxd5 $2 Nxd5 17. Qd3 (17. Qxd5 $2 Bh2+ 18. Nxh2 Rxd5 $19) 17... Bg6 $19) 16... Bb8 17. Nbd4 Bxf3 (17... Ne4 $11 {was preferrable.}) 18. Bxf3 Qd6 (18... Ne5 $14) 19. g3 $16 {[%emt 0:00:50] Active counter play!} Qd7 20. Bg2 {[%emt 0:01:09] This pair of bishops is nice.} (20. Nxc6 $16 Rxc6 21. Rxc6 bxc6 22. Kg2) 20... Ne4 (20... Be5 $14) 21. Qe2 (21. Bxe4 $16 dxe4 22. Nxc6 bxc6 23. Qh5) 21... Re8 22. Rfd1 Nxd4 23. Bxd4 Qf5 24. Qb2 f6 25. Qe2 Kh8 (25... Rxc1 $14 26. Rxc1 a6) 26. Qf3 ({White should play} 26. g4 $16 Qe6 27. Rxc8 Rxc8 28. Bb2) 26... Qe6 27. h4 Rcd8 28. Rc2 a6 29. Rdc1 Be5 30. Bxe5 fxe5 31. Qh5 Nf6 32. Qe2 Rc8 33. Qf1 {[%emt 0:02:11] [#] Strongly threatening Bh3.} Qf5 (33... Rxc2 $14 34. Rxc2 h5) 34. Bh3 (34. Rxc8 $16 Rxc8 35. Bh3 Rxc1 36. Bxf5 Rxf1+ 37. Kxf1) 34... Ng4 $2 {[%emt 0:00:36][%mdl 8192] Black cannot hold the game after this.} (34... Qxc2 $11 {and Black stays safe.} 35. Bxc8 Qxa2) 35. Qe2 $18 (35. e4 dxe4 36. Rxc8 Rxc8 37. Rxc8+ Qxc8 $18) 35... h5 {[%emt 0:00:43] [#]} 36. f3 $1 Rxc2 37. Rxc2 Rf8 38. fxg4 hxg4 39. Bxg4 Qg6 40. Kg2 Qe4+ 41. Kh2 ({Not} 41. Bf3 Rxf3 42. Qxf3 Qxc2+ 43. Kh3 Qc8+ 44. Qg4 Qe8 $11) 41... b5 42. Rc8 Rxc8 43. Bxc8 {[%emt 0:00:04][%cal Oe2f2] aiming for Qf2!} g6 44. Bxa6 (44. Qf2 $142 Qb4 45. Be6 (45. Bxa6 Kg7 $18) 45... Qe7 46. Qf7 (46. Bxd5 Kg7 $18) 46... Qxf7 47. Bxf7 Kg7 48. Bxd5 Kh8 49. b4) 44... d4 45. Bxb5 {[%emt 0:00:14] Intending Bd3 and mate.} Qd5 46. Bc4 {[%emt 0:00:36] White mates.} Qd7 47. a4 e4 48. exd4 Qxd4 49. a5 e3 50. a6 Kh7 51. Qf3 Qb2+ 52. Kh3 Qe5 53. Qf7+ {[%emt 0:00:30] Weighted Error Value: White=0.18 (very precise) /Black=0.66.  Loses game:     	---       	Black=1      Mistake:       	White=4     	Black=5      Inaccurate:     	White=2     	Black=3      OK:         	White=8     	Black=6      Best:        	White=1     	---        Strong:       	White=1     	---} 1-0

[Event "French-ch U16-U18 2024"]
[Site "Agen"]
[Date "2024.04.19"]
[Round "7.14"]
[White "Milojevic-Daim, Lola-Shaina"]
[Black "Le Coz, Marie Sarah"]
[Result "0-1"]
[ECO "E60"]
[WhiteElo "1867"]
[BlackElo "1840"]
[Annotator "NA RC COMBH"]
[PlyCount "86"]
[EventDate "2024.04.14"]
[EventType "swiss"]
[EventCountry "FRA"]
[SourceTitle "playchess.com"]
[Source "ChessBase"]
[SourceQuality "1"]
[TimeControl "5400+30"]

1. d4 Nf6 2. c4 g6 3. h4 Bg7 4. Nc3 d5 5. h5 h6 6. hxg6 fxg6 7. Qc2 Bf5 8. Qb3 Nc6 9. cxd5 Nxd4 10. Qa4+ Nd7 11. e4 O-O 12. Bxh6 Nb6 13. Qd1 Bxe4 14. Bxg7 Nc2+ 15. Ke2 Kxg7 16. Nxe4 Nxa1 17. Qd4+ Rf6 18. Nxf6 exf6 19. Qf4 Nxd5 20. Qh6+ Kf7 21. Qd2 Qe8+ 22. Kd1 Qc6 23. Nf3 Rd8 24. Bd3 Nb4 25. Qxb4 Rxd3+ 26. Ke2 Qa6 27. Rh7+ Kg8 28. Rg7+ Kxg7 29. Qe7+ Kh6 30. Qf8+ Kh5 31. Qh8+ Kg4 32. Qh3+ Kf4 33. Qh4+ Kf5 34. Qh3+ Ke4 35. Nd2+ Rxd2+ 36. Kxd2 Qa5+ 37. Kd1 Qh5+ 38. f3+ Ke3 39. Qe6+ Qe5 40. Qd7 Qd6+ 41. Qxd6 cxd6 42. Kc1 Ke2 43. f4 d5 0-1